 Dungeon Crawl Stone Soup version 0.23.2-40-g277498a (webtiles) character file.

Game seed: 13346775330485013615

197 CrazyJ the Caller (level 5, -9/41 HPs)
             Began as a Draconian Summoner on Sept 15, 2019.
             Was an Initiate of Yredelemnul.
             Mangled by Pikel
             ... wielding a +2 whip of freezing
              (11 damage)
             ... on level 4 of the Dungeon.
             The game lasted 00:28:32 (3916 turns).

CrazyJ the Caller (Draconian Summoner)              Turns: 3916, Time: 00:28:33

Health: -9/41      AC:  5    Str: 10    XL:     5   Next: 46%
Magic:  1/9        EV: 13    Int: 16    God:    Yredelemnul [......]
Gold:   107        SH:  0    Dex: 12    Spells: 0/9 levels left

rFire    + . .     SeeInvis .   r - +0 halberd
rCold    + . .     Gourm    .   (shield currently unavailable)
rNeg     . . .     Faith    .   (armour unavailable)
rPois    +         Spirit   .   (helmet restricted)
rElec    +         Reflect  .   (no cloak)
rCorr    +         Harm     .   (no gloves)
MR       +....                  (no boots)
Stlth    ++........             i - amulet of magic regeneration
HPRegen  0.13/turn              y - ring of protection from magic (curse)
MPRegen  0.36/turn              (no ring)

@: resistant
A: unfitting armour, cold-blooded, AC +5
a: Renounce Religion


You were on level 4 of the Dungeon.
You worshipped Yredelemnul.
Yredelemnul was noncommittal.
You were not hungry.

You visited 2 branches of the dungeon, and saw 5 of its levels.

You collected 107 gold pieces.

Inventory:

Hand Weapons
 l - a +0 hunting sling
 o - a +5 short sword
 p - a +0 scythe
 q - a +1 flail of draining
 r - a +0 halberd (weapon)
 t - a +0 spear
 x - a +1 falchion of holy wrath
Missiles
 c - 96 stones (quivered)
 e - 53 sling bullets
 f - a throwing net
 k - 36 poisoned needles
Jewellery
 h - an uncursed amulet of faith
 i - an amulet of magic regeneration (around neck)
 y - a cursed ring of protection from magic (left hand)
Scrolls
 j - a scroll of enchant weapon
 m - 3 scrolls of identify
 s - 2 scrolls of remove curse
 v - a scroll of fog
Potions
 a - 2 potions of curing
 g - a potion of invisibility {unknown}
 n - a potion of might {unknown}
 w - a potion of magic {unknown}
 z - a potion of haste {unknown}
 A - a potion of lignification {unknown}
Comestibles
 b - 8 rations


   Skills:
 + Level 2.2 Fighting
 + Level 0.7 Polearms
 + Level 2.6 Dodging
 - Level 1.8 Stealth
 + Level 2.8 Spellcasting
 + Level 0.0 Hexes
 * Level 5.3 Summonings
 * Level 0.2 Invocations


You couldn't memorise any spells.
You knew the following spells:

 Your Spells              Type           Power        Failure   Level  Hunger
a - Summon Small Mammal   Summ           ###.         2%          1    #......
b - Call Imp              Summ           ###.....     3%          2    ##.....
c - Call Canine Familiar  Summ           ###.....     6%          3    ###....
d - Summon Guardian Gole  Hex/Summ       ##......     19%         3    ###....

Your spell library contained the following spells:

 Spells                   Type           Power        Failure   Level  Hunger
 Summon Ice Beast         Ice/Summ       ##......     54%         4    #####..
 Summon Lightning Spire   Summ/Air       ##......     54%         4    #####..


Dungeon Overview and Level Annotations

Branches:
Dungeon (4/15)             Temple (1/1) D:4

Altars:
Ashenzari
Cheibriados
Gozag
Kikubaaqudgha
Makhleb
Nemelex Xobeh
Qazlal
Sif Muna
Xom
Yredelemnul
Zin
The Shining One
Jiyva

Shops:
D:3 *

Annotations:
D:4 Pikel


Innate Abilities, Weirdness & Mutations

Your plain brown scales are hard. (AC +5)
You cannot fit into any form of body armour.
You are cold-blooded and may be slowed by cold attacks.


Message History

The orc wizard hits you but does no damage.
Casting: Call Imp (safe; 3% risk of failure)
Confirm with . or Enter, or press ? or * to list all spells.
Okay, then.
You hit Pikel.
Pikel is heavily wounded.
Your bat hits the slave but does no damage.
Your hound closely misses the slave.
Pikel hits you with a +2 whip of freezing!
* * * LOW HITPOINT WARNING * * *
Pikel freezes you.
* * * LOW HITPOINT WARNING * * *
The slave hits your hound.
Your hound dies!
Your hound's corpse disappears in a puff of smoke!
The orc wizard misses you.
Your crimson imp blinks!
Pikel hits you with a +2 whip of freezing!
You die...
Your body rises from the dead as a mindless zombie.

#..#....##.#.>.#.
#....[..§..#...#.
#....##.#....#...
#.b†....#.##.#.##
###...#§...........
##.....#...#o#.#.##.
#.5po..#...#.#.#...p
#.pKo####..§........
##§@## #.###.......
#### ### ......#o
##...###. #####


You could see Pikel, 2 slaves, an orc wizard, an orc, a friendly crimson imp and
a friendly bat.

Vanquished Creatures
  A hound (D:4)
  A hound skeleton (D:4)
  An adder (D:3)
  A dart slug (D:1)
  5 orcs (D:3)
  2 giant cockroaches
  A goblin (D:2)
  A hobgoblin (D:3)
  2 ball pythons
  2 bats
  A frilled lizard (D:1)
  2 kobolds
  4 rats
24 creatures vanquished.

Vanquished Creatures (collateral kills)
  Sigmund (D:2)
  2 slaves
  A worker ant (D:4)
  3 gnolls (D:2)
  An adder (D:2)
  2 worms (D:2)
  A leopard gecko (D:2)
  2 orcs
  A ball python (D:2)
  3 goblins (D:2)
  A hobgoblin (D:2)
  5 bats
  A frilled lizard (D:4)
  3 kobolds
  2 rats
29 creatures vanquished.

Grand Total: 53 creatures vanquished

Notes
Turn   | Place    | Note
-------+----------+-------------------------------------------
     0 | D:1      | CrazyJ the Draconian Summoner began the quest for the Orb.
     0 | D:1      | Reached XP level 1. HP: 14/14 MP: 3/3
   691 | D:1      | Reached XP level 2. HP: 20/20 MP: 5/5
  1074 | D:2      | Learned a level 2 spell: Call Imp
  1702 | D:2      | Found a deep blue altar of Sif Muna.
  1703 | D:2      | Noticed Sigmund
  1704 | D:2      | Found a shadowy altar of Dithmenos.
  1704 | D:2      | Found a white marble altar of Elyvilon.
  1729 | D:2      | Killed Sigmund
  1729 | D:2      | Reached skill level 1 in Fighting
  1729 | D:2      | Reached XP level 3. HP: 22/28 MP: 6/6
  1729 | D:2      | Reached XP level 4. HP: 28/35 MP: 7/7
  1736 | D:2      | Found an ornate altar of the Wu Jian Council.
  1736 | D:2      | Found a bloodstained altar of Trog.
  1736 | D:2      | Found a shimmering altar of Xom.
  1821 | D:2      | Learned a level 3 spell: Call Canine Familiar
  2050 | D:2      | Reached skill level 5 in Summonings
  2852 | D:3      | Found Zin's Purification Station.
  2876 | D:3      | Found a glowing silver altar of Zin.
  2906 | D:3      | Found an ancient bone altar of Kikubaaqudgha.
  3145 | D:3      | Found a burning altar of Makhleb.
  3147 | D:3      | Noticed a balrug
  3152 | D:3      | Noticed a hellwing
  3152 | D:3      | Noticed an orange demon
  3258 | D:4      | Found a staircase to the Ecumenical Temple.
  3261 | D:4      | Noticed a slave
  3261 | D:4      | Noticed a slave
  3266 | D:4      | Noticed a slave
  3268 | D:4      | Noticed Pikel
  3276 | D:4      | Reached XP level 5. HP: 39/41 MP: 5/9
  3290 | D:4      | Noticed a slave
  3334 | D:3      | Killed a slave
  3705 | Temple   | Entered the Ecumenical Temple
  3818 | Temple   | Learned a level 3 spell: Summon Guardian Golem
  3838 | Temple   | Became a worshipper of Yredelemnul the Dark
  3882 | D:4      | Killed a slave
  3916 | D:4      | HP: 2/41 [Pikel/+2 whip of freezing (2)]
  3916 | D:4      | Mangled by Pikel

Skill      XL: |  1  2  3  4 |
---------------+-------------+-----
Dodging        | 2 |  2.6
Fighting       | 1 2 |  2.2
Summonings     | 5 |  5.3
Polearms       | |  0.7
Stealth        | |  1.8
Spellcasting   | |  2.8
Invocations    | |  0.2

Action                   |  1- 3 |  4- 6 || total
-------------------------+-------+-------++-------
Melee: Unarmed           |    17 |       ||    17
       Dagger            |    44 |    28 ||    72
       Tailslap          |     3 |     9 ||    12
       Short sword       |       |    18 ||    18
       Halberd           |       |    28 ||    28
 Cast: Summon Small Mamm |    12 |     2 ||    14
       Call Imp          |     9 |    21 ||    30
       Call Canine Famil |       |    10 ||    10
  Use: Scroll            |     4 |     4 ||     8
       Potion            |       |     2 ||     2
 Stab: Sleeping          |     2 |       ||     2
  Eat: Chunk             |     3 |     6 ||     9
       Ration            |       |     1 ||     1
Armor: Skin              |    44 |    39 ||    83
Dodge: Dodged            |    84 |   103 ||   187
